 Dungeon Crawl Stone Soup version 0.20.1-1-g8b1a95d (webtiles) character file.

66787 Gargoyl the Severer (level 14, -8/125 HPs)
             Began as a Minotaur Abyssal Knight on July 31, 2017.
             Was the Champion of Lugonu.
             Killed from afar by Frances (59 damage)
             ... with a shard of ice
             ... on level 12 of the Dungeon.
             The game lasted 00:43:34 (20290 turns).

Gargoyl the Severer (Minotaur Abyssal Knight)      Turns: 20290, Time: 00:43:34

Health: -8/125     AC: 30    Str: 18    XL:     14   Next: 80%
Magic:  21/21      EV:  8    Int:  9    God:    Lugonu [******]
Gold:   1099       SH: 18    Dex: 14    Spells: 13/13 levels left

rFire    . . .     SeeInvis .   x - +3 war axe (flame)
rCold    . . .     Gourm    .   i - +1 shield
rNeg     . . .     Faith    .   B - +0 plate armour
rPois    .         Spirit   .   (helmet restricted)
rElec    .         Reflect  .   q - scarf {cloud immunity}
rCorr    .         Harm     .   (no gloves)
MR       +....     Clarity  +   N - +2 pair of boots
Stlth    ..........             A - amulet of regeneration
Regen    0.7/turn               h - +5 ring of protection
MPRegen  0.2/turn               K - +5 ring of protection

@: lethally poisoned (-8 -> -9), about to teleport
A: retaliatory headbutt, horns 2, large bone plates 1, clarity, MP-powered wands
a: Depart the Abyss, Bend Space, Banish, Corrupt, Enter the Abyss, Brand Weapon
With Distortion, Renounce Religion


You were on level 12 of the Dungeon.
You worshipped Lugonu.
Lugonu was exalted by your worship.
You were not hungry.

You visited 2 branches of the dungeon, and saw 20 of its levels.
You visited the Abyss 1 time.
You also visited: Sewer and Ice Cave.

You collected 1099 gold pieces.

Inventory:

Hand Weapons
 a - a +6 hand axe
 t - the +3 spear of Darkness {pierce, Str+3 Dex+2}
   (You found it on level 5 of the Dungeon)

   It inflicts extra damage upon your enemies.
   It affects your strength (+3).
   It affects your dexterity (+2).
 x - a +3 war axe of flaming (weapon)
 y - a +0 broad axe of draining
Missiles
 I - 4 tomahawks (quivered)
Armour
 i - a +1 shield (worn)
 q - a scarf of cloud immunity (worn)
 B - a +0 plate armour (worn)
 N - a +2 pair of boots (worn)
Jewellery
 h - a +5 ring of protection (left hand)
 p - an uncursed ring of positive energy
 A - an amulet of regeneration (around neck)
 K - a +5 ring of protection (right hand)
Scrolls
 j - 3 scrolls of teleportation
 l - 2 scrolls of magic mapping
 r - 2 scrolls of blinking
 w - 3 scrolls of fog
 C - 5 scrolls of remove curse
 T - 3 scrolls of fear
 W - a scroll of summoning
Potions
 d - 2 potions of heal wounds
 o - 3 potions of flight
 s - 4 potions of curing
 u - a potion of haste
 E - a potion of cancellation
 F - a potion of brilliance
 U - 2 potions of might
 Z - a potion of magic
Books
 e - a book of Transfigurations

   Spells                             Type                      Level
   a - Irradiate                      Conjuration/Transmutation    5
   b - Statue Form                    Transmutation/Earth          6
   c - Hydra Form                     Transmutation                6
   d - Dragon Form                    Transmutation                7
 f - a book of the Tempests

   Spells                             Type                      Level
   a - Static Discharge               Conjuration/Air              3
   b - Lightning Bolt                 Conjuration/Air              5
   c - Ignition                       Fire                         8
   d - Tornado                        Air                          9
   e - Shatter                        Earth                        9
 v - a book of Changes

   Spells                             Type                      Level
   a - Beastly Appendage              Transmutation                1
   b - Sticks to Snakes               Transmutation                2
   c - Spider Form                    Transmutation/Poison         3
   d - Ice Form                       Ice/Transmutation            4
   e - Blade Hands                    Transmutation                5
Miscellaneous
 L - 2 boxes of beasts
Comestibles
 b - 3 chunks of flesh
 c - 11 bread rations
 g - 5 meat rations
 k - 52 fruits
 z - 14 royal jellies


   Skills:
 + Level 11.7 Fighting
 + Level 16.0 Axes
 + Level 0.6 Throwing
 * Level 15.3 Armour
 + Level 3.2 Dodging
 + Level 12.6 Shields
 * Level 11.5 Invocations
 + Level 0.1 Evocations


You had 13 spell levels left.
You didn't know any spells.

Dungeon Overview and Level Annotations

Branches:
Dungeon (14/15)            Temple (0/1) D:5            Lair (6/6) D:11
 Shoals (0/4) Lair:2       Spider (0/4) Lair:3        Slime (0/5) Lair:5
    Orc (0/2) D:9
 Vaults: D:13-14

Altars:
Cheibriados
Elyvilon
Hepliaklqana
Nemelex Xobeh
Okawaru
Sif Muna
Trog
Uskayaw
Yredelemnul
Zin
The Shining One
Jiyva

Shops:
D:7 [

Annotations:
D:12 Frances
Lair:5 1 runed door


Innate Abilities, Weirdness & Mutations

You reflexively headbutt those who attack you in melee.
You have a pair of horns on your head.
You are partially covered in large bone plates. (SH +4)
You possess an exceptional clarity of mind.
You expend magic power (3 MP) to strengthen your wands.


Message History

Unknown command.
You hit Frances. You burn Frances. Your headbutt misses Frances.
Frances is lightly wounded.
You slash the red devil! You slash something! You burn something.
Lugonu accepts your kill.
Reactivating autopickup.
You feel a bit more experienced.
You barely miss the hellwing. You block the hellwing's attack. x2
The red devil hops backward while attacking.
The red devil hits you but does no damage.
You are poisoned.
Frances hits you but does no damage.
As you read the scroll of teleportation, it crumbles to dust.
You feel strangely unstable.
You feel sick. The hellwing hits you.
The hellwing hits you but does no damage.
Frances hits you but does no damage. You block the red devil's attack.
You feel sick.
Frances chants phrases taken from a devil's mouth.
The shard of ice hits you!
You die...

#.. #..
##..################
....................
...................
#...............#
#######.......44@.....#
............))........#
..............@........
.................4.....
#######.###############
#.#######
#########........
.................
.................
######...........
######...........


You could see Frances, a hellwing, a rust devil and a red devil.

Vanquished Creatures
  Snorg (Lair:4)
  Fannar (Lair:3)
  6 hydras
  2 centaur warriors
  4 two-headed ogres
  A death knight (D:13)
  5 death yaks
  Urug (D:13)
  A deep elf mage (D:13)
  2 manticores (D:13)
  2 ugly things (D:11)
  9 elephants
  A torpor snail (Lair:6)
  5 black mambas
  Psyche (D:10)
  Joseph (D:9)
  A gargoyle (D:13)
  30 spiny frogs
  6 rime drakes (Lair:5)
  6 komodo dragons
  A yaktaur (D:13)
  3 trolls
  A queen bee (D:10)
  3 tyrant leeches
  A polar bear (Lair:5)
  The ghost of SlightEye the Chopper, an amateur HuBe of Trog (D:4)
  30 blink frogs
  A snapping turtle (Lair:2)
  8 slime creatures
  4 dream sheep (Lair:4)
  9 hippogriffs
  A meliai zombie (D:13)
  15 wyverns
  A centaur simulacrum (D:10)
  8 humans (D:13)
  A redback (Lair:3)
  A wraith (D:11)
  A vampire (D:12)
  28 yaks
  5 basilisks
  6 vampire mosquitoes (Lair:6)
  A warg (D:9)
  13 water moccasins
  7 porcupines
  6 orc warriors
  2 hell hounds (Lair:5)
  2 ice beasts
  2 black bears (D:7)
  A hornet zombie (D:8)
  4 sky beasts
  An eye of draining (D:9)
  4 wolves (Lair:4)
  8 centaurs
  4 ogres
  A phantom (D:7)
  10 crocodiles
  4 big kobolds
  A gnoll sergeant (D:7)
  19 bullfrogs
  3 scorpions
  23 killer bees (D:10)
  A jelly (D:9)
  7 wights
  2 electric eels (Lair:6)
  3 crimson imps
  3 bullfrog zombies
  3 centaur zombies
  3 quasits
  2 bullfrog skeletons
  15 orc priests
  9 hounds
  14 orc wizards
  Ijyb (D:3)
  2 iguanas
  9 worker ants
  A bullfrog simulacrum (D:10)
  A hound skeleton (D:8)
  A howler monkey zombie (D:9)
  7 gnolls
  13 adders
  A river rat (Sewer)
  3 shadow imps
  3 white imps (D:10)
  2 oozes
  2 adder zombies
  3 adder skeletons
  3 dart slugs
  2 worms
  5 leopard geckos
  58 orcs
  A ball python (D:1)
  7 giant cockroaches
  8 goblins
  4 hobgoblins
  7 jackals
  5 quokkas
  6 bats
  3 frilled lizards
  16 kobolds
  A leopard gecko skeleton (D:4)
  2 quokka skeletons
  8 rats
  A bush (Lair:5)
  3 fungi
  3 plants
585 creatures vanquished.

Vanquished Creatures (collateral kills)
  A centaur skeleton (D:9)
1 creature vanquished.

Vanquished Creatures (others)
  An unseen horror (D:13)
  3 humans (D:13)
  A sky beast (D:8)
  An orc wizard (D:11)
  18 fungi
  86 plants
110 creatures vanquished.

Grand Total: 696 creatures vanquished

Notes
Turn   | Place    | Note
-------+----------+-------------------------------------------
     0 | Abyss:1  | Gargoyl the Minotaur Abyssal Knight began the quest for the Orb.
     0 | Abyss:1  | Reached XP level 1. HP: 19/19 MP: 1/1
    32 | Abyss:1  | Found a corrupted altar of Lugonu.
    39 | Abyss:1  | Noticed an ancient zyme
    41 | Abyss:1  | Noticed a chaos spawn
    66 | Abyss:2  | Noticed a shining eye
    72 | Abyss:2  | Gained mutation: Your magical capacity is low. (-10% MP) [a shining eye]
    85 | Abyss:2  | Gained mutation: Scrolls take you a little longer to read. [a shining eye]
   114 | Abyss:2  | Noticed a small abomination
   114 | Abyss:2  | Noticed a tentacled starspawn
   115 | D:1      | Escaped the Abyss
   493 | D:1      | Reached XP level 2. HP: 23/27 MP: 2/2
   498 | D:1      | Reached * piety under Lugonu
   824 | D:2      | Found a glowing silver altar of Zin.
  1138 | D:2      | Reached XP level 3. HP: 33/33 MP: 3/3
  1756 | D:3      | Found an iron altar of Okawaru.
  1857 | D:3      | Noticed Ijyb
  1883 | D:3      | Killed Ijyb
  1883 | D:3      | Reached XP level 4. HP: 33/41 MP: 4/4
  2013 | D:3      | Found a hazy altar of Hepliaklqana.
  2065 | D:3      | Reached ** piety under Lugonu
  2204 | D:3      | Reached skill level 3 in Axes
  2274 | D:3      | Reached XP level 5. HP: 47/47 MP: 5/5
  2804 | D:4      | Noticed SlightEye's ghost (amateur HuBe)
  2821 | D:4      | Killed SlightEye's ghost
  2821 | D:4      | Reached skill level 5 in Fighting
  2821 | D:4      | Reached skill level 4 in Axes
  2821 | D:4      | Reached skill level 5 in Armour
  2821 | D:4      | Reached XP level 6. HP: 37/56 MP: 6/6
  2832 | D:4      | Found a glowing drain.
  2861 | Sewer    | Entered a sewer
  3029 | Sewer    | Found a white marble altar of Elyvilon.
  3328 | D:4      | Lost mutation: Your magical capacity is low. (-10% MP) [potion of mutation]
  3328 | D:4      | Lost mutation: Scrolls take you a little longer to read. [potion of mutation]
  3328 | D:4      | Gained mutation: You expend magic power (3 MP) to strengthen your wands. [potion of mutation]
  3328 | D:4      | Gained mutation: You possess an exceptional clarity of mind. [potion of mutation]
  3328 | D:4      | Gained mutation: You are partially covered in large bone plates. (SH +4) [potion of mutation]
  3438 | D:4      | Found a sparkling altar of Nemelex Xobeh.
  3441 | D:4      | Found a bloodstained altar of Trog.
  3596 | D:4      | Reached skill level 5 in Axes
  3596 | D:4      | Reached XP level 7. HP: 57/61 MP: 8/8
  3720 | D:4      | Found a glowing golden altar of the Shining One.
  3720 | D:4      | Found a snail-covered altar of Cheibriados.
  3721 | D:4      | Found a deep blue altar of Sif Muna.
  3851 | D:4      | Reached *** piety under Lugonu
  3914 | D:5      | Entered Level 5 of the Dungeon
  3917 | D:5      | Found a staircase to the Ecumenical Temple.
  3929 | D:5      | Got an iridescent spear
  3935 | D:5      | Identified the cursed +3 spear of Darkness {pierce, Str+3 Dex+2} (You found it on level 5 of the Dungeon)
  4769 | D:6      | Reached skill level 6 in Axes
  4898 | D:6      | Found a hide-covered altar of Uskayaw.
  5066 | D:7      | Reached XP level 8. HP: 31/69 MP: 9/9
  5500 | D:6      | Reached skill level 7 in Axes
  5843 | D:6      | Reached **** piety under Lugonu
  6111 | D:6      | Reached skill level 1 in Shields
  6168 | D:6      | Reached skill level 8 in Axes
  6509 | D:7      | Found Narchu's Armour Boutique.
  6661 | D:7      | Reached XP level 9. HP: 51/75 MP: 11/11
  7078 | D:7      | Reached skill level 5 in Invocations
  7544 | D:8      | Reached skill level 9 in Axes
  7551 | D:8      | Found a white marble altar of Elyvilon.
  7722 | D:8      | Found a basalt altar of Yredelemnul.
  7997 | D:8      | Reached ***** piety under Lugonu
  8325 | D:9      | Reached skill level 10 in Armour
  8336 | D:9      | Reached XP level 10. HP: 40/84 MP: 13/13
  8446 | D:9      | Found a staircase to the Orcish Mines.
  8459 | D:9      | Reached skill level 10 in Axes
  8653 | D:9      | Noticed Joseph
  8670 | D:9      | Killed Joseph
  8723 | D:9      | Reached skill level 5 in Shields
  8849 | D:9      | Noticed a two-headed ogre
  8863 | D:9      | Killed a two-headed ogre
  9072 | D:9      | You fall through a shaft for 2 floors!
  9138 | D:10     | Entered Level 10 of the Dungeon
  9607 | D:10     | Noticed Psyche
  9620 | D:10     | Killed Psyche
  9930 | D:10     | Reached skill level 11 in Axes
 10057 | D:10     | Reached XP level 11. HP: 31/92 MP: 15/15
 10699 | D:11     | You fall through a shaft for 3 floors!
 10701 | D:14     | Found a frozen archway.
 10710 | IceCv    | Entered an ice cave
 10725 | IceCv    | HP: 2/93 [death yak simulacrum (5)]
 10880 | D:14     | Noticed an eight-headed hydra
 10883 | D:14     | Noticed a centaur warrior
 10887 | D:14     | Killed a three-headed hydra
 10894 | D:14     | Killed a centaur warrior
 10894 | D:14     | Reached ****** piety under Lugonu
 11109 | D:13     | Noticed a death knight
 11168 | D:13     | Killed a death knight
 11621 | D:13     | Reached skill level 12 in Axes
 11693 | D:13     | Noticed a centaur warrior
 11699 | D:13     | Noticed Urug
 11700 | D:13     | Noticed a two-headed ogre
 11711 | D:13     | Killed a centaur warrior
 11817 | D:13     | Killed a two-headed ogre
 11817 | D:13     | Reached XP level 12. HP: 83/103 MP: 12/17
 11965 | D:13     | Killed Urug
 12644 | D:11     | Reached skill level 13 in Axes
 12747 | D:11     | Noticed a two-headed ogre
 12759 | D:11     | Killed a two-headed ogre
 13268 | D:11     | Found a staircase to the Lair.
 13292 | Lair:1   | Entered Level 1 of the Lair of Beasts
 14741 | Lair:2   | Found a staircase to the Shoals.
 14876 | Lair:3   | Found a hole to the Spider Nest.
 15018 | Lair:3   | Reached skill level 10 in Fighting
 15033 | Lair:3   | Noticed Fannar
 15051 | Lair:3   | Killed Fannar
 15603 | Lair:4   | Reached XP level 13. HP: 113/113 MP: 19/19
 15915 | Lair:4   | Noticed Snorg
 15948 | Lair:4   | Killed Snorg
 16240 | Lair:4   | Reached skill level 10 in Shields
 16821 | Lair:5   | Reached skill level 14 in Axes
 16956 | Lair:4   | Reached skill level 10 in Invocations
 17431 | Lair:5   | Found a runed door.
 17432 | Lair:5   | Found a viscous altar of Jiyva.
 17434 | Lair:5   | Noticed an acid blob
 17436 | Lair:5   | Found a staircase to the Slime Pits.
 18095 | Lair:6   | Entered Level 6 of the Lair of Beasts
 18119 | Lair:6   | Reached skill level 15 in Axes
 18124 | Lair:6   | Reached XP level 14. HP: 96/122 MP: 21/21
 18882 | Lair:6   | Reached skill level 15 in Armour
 19976 | Lair:6   | Reached skill level 16 in Axes
 20279 | D:12     | Noticed Frances
 20290 | D:12     | Killed from afar by Frances

Skill      XL: |  1  2  3  4  5  6  7  8  9 10 11 12 13 14 |
---------------+-------------------------------------------+-----
Invocations    | 2 3 4 5 7 8 9 10 11 | 11.5
Fighting       | 4 5 6 7 8 10 11 | 11.7
Armour         | 3 4 5 7 8 10 11 12 13 14 15 | 15.3
Axes           | 3 4 5 6 8 9 11 12 13 15 16 | 16.0
Dodging        | 2 3 |  3.2
Shields        | 1 4 6 8 9 11 12 | 12.6
Throwing       | |  0.6
Evocations     | |  0.1

Action                   |  1- 3 |  4- 6 |  7- 9 | 10-12 | 13-15 || total
-------------------------+-------+-------+-------+-------+-------++-------
Melee: Hand axe          |    73 |    99 |   404 |   826 |       ||  1402
       Headbutt          |     7 |    16 |    67 |   200 |   166 ||   456
       Unarmed           |    19 |       |       |       |       ||    19
       War axe           |       |       |     1 |    47 |   440 ||   488
       Broad axe         |       |       |       |       |   297 ||   297
Throw: Tomahawk          |       |       |       |     3 |     1 ||     4
Invok: Depart the Abyss  |     1 |       |       |       |       ||     1
       Banish            |       |       |       |     5 |       ||     5
       Bend Space        |       |       |       |       |     1 ||     1
Evoke: Wand              |       |       |       |     2 |     1 ||     3
  Use: Scroll            |    13 |     3 |     5 |     7 |     8 ||    36
       Potion            |     4 |     3 |       |     9 |     5 ||    21
 Stab: Invisible         |       |       |       |     7 |       ||     7
  Eat: Chunk             |     3 |     5 |    16 |    21 |    16 ||    61
       Royal jelly       |       |       |       |     2 |       ||     2
Armor: Scale mail        |    13 |       |       |       |       ||    13
       Chain mail        |    66 |    72 |    79 |       |       ||   217
       Skin              |     1 |       |       |       |       ||     1
       Plate armour      |       |       |   153 |   435 |   545 ||  1133
Dodge: Dodged            |    35 |    43 |    74 |   148 |   206 ||   506
Block: Other             |       |     1 |    33 |       |       ||    34
       Shield            |       |       |   176 |   565 |   745 ||  1486
